 Dungeon Crawl Stone Soup version 0.23-a0-687-gb50ad93 (webtiles) character file.

98 Anarax the Skirmisher (level 4, -2/40 HPs)
             Began as a Draconian Fighter on Jan 9, 2019.
             Slain by a gnoll
             ... wielding a +0 club
              (4 damage)
             ... on level 3 of the Dungeon on Jan 10, 2019.
             The game lasted 00:17:50 (2111 turns).

Anarax the Skirmisher (Draconian Fighter)           Turns: 2111, Time: 00:17:51

Health: -2/40      AC:  5    Str: 19    XL:     4   Next: 44%
Magic:  4/4        EV: 11    Int: 11    God:
Gold:   92         SH:  0    Dex: 11    Spells: 3/3 levels left

rFire    . . .     SeeInvis .   a - +0 long sword
rCold    . . .     Gourm    .   b - +0 shield
rNeg     . . .     Faith    .   (armour unavailable)
rPois    .         Spirit   .   (helmet restricted)
rElec    .         Reflect  .   (no cloak)
rCorr    .         Harm     .   (no gloves)
MR       .....                  (no boots)
Stlth    +.........             (no amulet)
HPRegen  0.13/turn              l - +3 ring of intelligence
MPRegen  0.09/turn              (no ring)

@: confused
A: unfitting armour, cold-blooded, AC +5
a: no special abilities


You were on level 3 of the Dungeon.
You were hungry.

You visited 1 branch of the dungeon, and saw 3 of its levels.

You collected 92 gold pieces.

Inventory:

Hand Weapons
 a - a +0 long sword (weapon)
 k - a +0 spear
Missiles
 j - 4 stones
 r - 10 poisoned needles (quivered)
Armour
 b - a +0 shield (worn)
 m - a cursed +0 chain mail
 p - a +0 robe
 q - a +0 ring mail
Jewellery
 l - a +3 ring of intelligence (left hand)
Scrolls
 f - 2 scrolls of remove curse
 h - a scroll of teleportation
 o - a scroll of identify
 s - a scroll of noise
 t - a scroll of enchant weapon {unknown}
 w - a scroll of fear {unknown}
Potions
 c - a potion of might
 e - a potion of resistance
 g - a potion of curing
 n - 3 potions of brilliance
 u - a potion of magic
 v - a potion of lignification {unknown}
Comestibles
 d - 4 rations


   Skills:
 + Level 4.0 Fighting
 + Level 3.0 Long Blades
 + Level 3.5 Dodging
 + Level 0.5 Stealth
 + Level 3.3 Shields


You had 3 spell levels left.
You didn't know any spells.
Your spell library was empty.

Dungeon Overview and Level Annotations

Branches:
Dungeon (3/15)

Altars:


Innate Abilities, Weirdness & Mutations

Your plain brown scales are hard. (AC +5)
You cannot fit into any form of body armour.
You are cold-blooded and may be slowed by cold attacks.


Message History

You hit the gnoll but do no damage.
Your tail-slap misses the gnoll.
The gnoll is almost dead.
You block the gnoll's attack.
Your shield prevents you from hitting the gnoll.
You tail-slap the gnoll.
The gnoll is moderately wounded.
The gnoll hits you with a +0 club. The gnoll hits you with a +0 flail!
* * * LOW HITPOINT WARNING * * *
You closely miss the gnoll. You tail-slap the gnoll.
The gnoll is heavily wounded.
You are feeling hungry.
The gnoll barely misses you.
A kobold comes into view.
The gnoll barely misses you. The gnoll hits you with a +0 club.
* * * LOW HITPOINT WARNING * * *
You are confused.
You feel invigorated. The gnoll hits you with a +0 flail.
* * * LOW HITPOINT WARNING * * *
The gnoll hits you with a +0 club.
You die...

## .. .# .# #
.#.# ##.#.#
...####....#
......g@.#
..K####g##
#.# #.# #.#
#.# #.#
..g########.#
............#


You could see 2 gnolls and a kobold.

Vanquished Creatures
  Jessica (D:2)
  A gnoll (D:3)
  An adder (D:2)
  2 oozes (D:1)
  A worm (D:2)
  A dart slug (D:1)
  3 leopard geckos
  4 orcs (D:3)
  A giant cockroach (D:2)
  4 goblins
  6 hobgoblins
  3 kobolds
  A quokka (D:2)
  2 frilled lizards
  3 rats
34 creatures vanquished.

Notes
Turn   | Place    | Note
-------+----------+-------------------------------------------
     0 | D:1      | Anarax the Draconian Fighter began the quest for the Orb.
     0 | D:1      | Reached XP level 1. HP: 19/19 MP: 1/1
   266 | D:1      | Reached XP level 2. HP: 22/26 MP: 2/2
   862 | D:2      | Reached XP level 3. HP: 30/31 MP: 3/3
   993 | D:2      | Found a faded altar of an unknown god.
  1388 | D:2      | Upgraded the game from 0.23-a0-677-g07611c5 to
                  | 0.23-a0-687-gb50ad93
  1527 | D:2      | Noticed Jessica
  1537 | D:2      | Killed Jessica
  1537 | D:2      | Reached XP level 4. HP: 40/40 MP: 4/4
  1882 | D:3      | HP: 2/40 [something (1)]
  2101 | D:3      | Reached skill level 4 in Fighting
  2110 | D:3      | HP: 1/40 [gnoll/+0 club (5)]
  2111 | D:3      | Slain by a gnoll

Vault maps used:
D:1:      ncdulo_halloftheorcs
D:2:      chequers_ecumenical_altar_island, first_ration, minmay_tetromino_l2,
          uniq_jessica

Skill      XL: |  1  2  3  4 |
---------------+-------------+-----
Dodging        | 3 |  3.5
Fighting       | 4 |  4.0
Long Blades    | 3 |  3.0
Stealth        | |  0.5
Shields        | |  3.3

Action                   |  1- 3 |  4- 6 || total
-------------------------+-------+-------++-------
Melee: Long sword        |    61 |    31 ||    92
       Tailslap          |     5 |     7 ||    12
  Use: Scroll            |     7 |     3 ||    10
       Potion            |       |     1 ||     1
  Eat: Ration            |     1 |       ||     1
Armor: Skin              |     9 |    14 ||    23
Dodge: Dodged            |    31 |    10 ||    41
Block: Shield            |    31 |    21 ||    52
       Rpst.: Long sword |    10 |     4 ||    14

Table legend:
 A = Non-vault XP
 B = Vault XP
 C = Vault XP percentage of total XP
 D = Non-vault monster count
 E = Vault monster count
 F = Vault count percentage of total count
                 A         B        C        D         E       F
            +---------+---------+-------+---------+---------+-------
      Total |     102 |      39 |  27.7 |      32 |       2 |   5.9
            +---------+---------+-------+---------+---------+-------
        D:1 |      40 |       0 |   0.0 |      16 |       0 |   0.0
        D:2 |      30 |      39 |  56.5 |       8 |       2 |  20.0
        D:3 |      32 |       0 |   0.0 |       8 |       0 |   0.0
            +---------+---------+-------+---------+---------+-------
